 Dungeon Crawl Stone Soup version 0.30-b1-2-g02819fbbbe (webtiles) character file.

Game seed: 17428897946778259720

2540 Alarkh the Geomancer (level 9, 63/63 HPs)
             Began as a Demonspawn Earth Elementalist on May 28, 2023.
             Was a Follower of Uskayaw.
             Got out of the dungeon alive.
             The game lasted 00:10:08 (7262 turns).

Alarkh the Geomancer (DsEE)                         Turns: 7262, Time: 00:10:08

Health: 63/63      AC:  9    Str: 14    XL:     9   Next: 30%
Magic:  27/27      EV: 13    Int: 21    God:    Uskayaw [*.....]
Gold:   400        SH:  0    Dex: 14    Spells: 17/21 levels left

rFire   . . .        a - +3 dagger (speed)
rCold   . . .        (no shield)
rNeg    . . .        D - +0 robe
rPois   .            (helmet restricted)
rElec   .            I - +0 cloak
rCorr   .            s - +2 pair of gloves
SInv    .            u - +2 pair of boots
Will    .....        (no amulet)
Stlth   ++           m - ring of magical power
HPRegen 0.30/turn    w - +6 ring of strength
MPRegen 0.20/turn

%: no passive effects
@: no status effects
A: antennae 1, powered by death 1, weakness stinger 1
a: Renounce Religion, Stomp


You escaped.
You worshipped Uskayaw.
Uskayaw was noncommittal.
You visited 1 branch of the dungeon, and saw 7 of its levels.

You collected 400 gold pieces.

Inventory:

Hand Weapons
 a - a +3 dagger of speed (weapon)
Armour
 q - a +0 helmet
 s - a +2 pair of gloves (worn)
 u - a +2 pair of boots (worn)
 D - a +0 robe (worn)
 H - a +0 kite shield
 I - a +0 cloak (worn)
Jewellery
 m - a ring of magical power (left hand)
 w - a +6 ring of strength (right hand)
 C - a ring of protection from cold
Wands
 o - a wand of charming (6)
 F - a wand of quicksilver (12)
Scrolls
 d - a scroll of silence {unknown}
 e - a scroll of vulnerability {unknown}
 g - 2 scrolls of fog
 h - a scroll of poison {unknown}
 i - a scroll of enchant armour
 j - 6 scrolls of teleportation
 l - 2 scrolls of noise {unknown}
 n - a scroll of brand weapon {unknown}
 r - 2 scrolls of identify
 x - a scroll of acquirement {unknown}
 y - a scroll of enchant weapon
 B - a scroll of fear {unknown}
 E - a scroll of blinking {unknown}
Potions
 b - a potion of magic
 c - 2 potions of resistance
 f - 2 potions of flight
 k - 3 potions of curing
 p - 3 potions of brilliance
 t - a potion of heal wounds
 v - 2 potions of ambrosia
 z - a potion of haste
 A - 2 potions of lignification
 G - 3 potions of might {unknown}


   Skills:
 + Level 3.1 Fighting
 + Level 3.5 Dodging
 - Level 1.7 Stealth
 + Level 6.5 Spellcasting
 - Level 0.8 Transmutations
 * Level 9.1 Earth Magic


You had 17 spell levels left.
You knew the following spells:

 Your Spells              Type           Power      Damage    Failure   Level
a - Sandblast             Erth           90%        2d19      1%          1
c - Stone Arrow           Conj/Erth      52%        3d10      4%          3

Your spell library contained the following spells:

 Spells                   Type           Power      Damage    Failure   Level
 Passwall                 Tmut/Erth      22%        N/A       1%          2
 Petrify                  Tmut/Erth      27%        N/A       12%         4
 Lesser Beckoning         Tloc           12%        N/A       14%         2
 Gell's Gravitas          Tloc           6%         N/A       28%         3
 Teleport Other           Tloc           6%         N/A       28%         3
 Anguish                  Hex/Necr       3%         N/A       67%         4
 Cause Fear               Hex            3%         N/A       67%         4
 Enfeeble                 Hex            3%         N/A       100%        7


Dungeon Overview and Level Annotations

Branches:
Dungeon (7/15)             Temple (0/1) D:6

Altars:
Ashenzari
Cheibriados
Dithmenos
Hepliaklqana
Kikubaaqudgha
Okawaru
Ru
Sif Muna
Uskayaw


Innate Abilities, Weirdness & Mutations

You have a pair of small antennae on your head.
You regenerate a little health from kills.
You have a small tail.


Message History

The ice beast hits you but does no damage.
You can now pass through a line of other dancers.
Casting: Sandblast (safe; 1% risk of failure)
Confirm with . or Enter, or press ? or * to list all spells.
Aiming: Sandblast (safe; 1% risk of failure)
Press: ? - help, Shift-Dir - straight line, f/p - ice beast
Aim: an ice beast (severely wounded, 85% to hit)
The blast of sand hits the ice beast!!
You kill the ice beast!
(D) Dungeon (T) Temple
Where to? (Enter - D:7, ? - help)
What level of the Dungeon? (default 1, ? - help)
There is a stone staircase leading up here.
You climb upwards.
There is a stone staircase leading down here.
Magic restored.
There is a stone staircase leading up here.
You climb upwards.
There is a stone staircase leading down here.
There is an open door here.
There is a stone staircase leading up here.
You climb upwards.
There is a stone staircase leading down here.
You open the door.
There is an open door here.
There is an open door here.
There is a stone staircase leading up here.
You climb upwards.
There is a stone staircase leading down here.
There is a stone staircase leading up here.
You climb upwards.
There is a stone staircase leading down here.
There is a stone staircase leading up here.
You climb upwards.
There is a stone staircase leading down here.
There is an open door here.
You see here a +0 robe.
There is a staircase leading out of the dungeon here.
Are you sure you want to leave the Dungeon?
This will make you lose the game!
You have escaped!

##### #########
##...###...#...##
#..@..[.##..#...#
#
#.....####.###..##
# ##...####+##
##..### #######'##
#..#.. #......##
###..# ###..#...##
#.#. #..####...#
#### #..#####..###
##..
##...##.#...###...


There were no monsters in sight!

Vanquished Creatures
  Grinder (D:6)
  Sigmund (D:6)
  A steam dragon (D:5)
  A water moccasin (D:6)
  Duvessa (D:6)
  An orc warrior (D:6)
  2 ice beasts
  3 ogres
  A phantom (D:5)
  2 scorpions
  A gnoll sergeant (D:6)
  Dowan (D:6)
  8 hounds
  A jelly (D:6)
  2 orc priests
  5 iguanas
  A gnoll bouda (D:6)
  A sleepcap (D:4)
  An orc wizard (D:5)
  Terence (D:2)
  Robin (D:2)
  19 gnolls
  4 adders
  A shadow imp (D:5)
  2 white imps (D:6)
  10 worms
  2 dart slugs
  18 orcs
  9 ball pythons
  A bat (D:1)
  9 endoplasms
  2 giant cockroaches (D:1)
  35 goblins
  24 hobgoblins
  A jackal (D:1)
  5 quokkas
  A frilled lizard (D:3)
  10 kobolds
  7 rats
197 creatures vanquished.

Notes
Turn   | Place    | Note
-------+----------+-------------------------------------------
     0 | D:1      | Alarkh the Demonspawn Earth Elementalist began the quest
                  | for the Orb.
     0 | D:1      | Reached XP level 1. HP: 13/13 MP: 3/3
   176 | D:1      | Reached skill level 3 in Earth Magic
   244 | D:1      | Discovered your monstrous ancestry.
   244 | D:1      | Gained mutation: You have a small tail. [demonic ancestry]
   244 | D:1      | Reached XP level 2. HP: 19/19 MP: 1/5
   621 | D:1      | Reached XP level 3. HP: 22/24 MP: 1/6
  1447 | D:2      | Found a shimmering blue altar of Sif Muna.
  1562 | D:2      | Noticed Terence
  1574 | D:2      | Killed Terence
  1575 | D:2      | Reached skill level 4 in Earth Magic
  1575 | D:2      | Reached XP level 4. HP: 18/30 MP: 0/8
  1581 | D:2      | Learned a level 3 spell: Stone Arrow
  1712 | D:2      | Noticed Robin
  1788 | D:2      | Killed Robin
  2337 | D:3      | Reached XP level 5. HP: 28/35 MP: 9/9
  2469 | D:3      | Found a faded altar of an unknown god.
  2734 | D:3      | Found a shimmering blue altar of Sif Muna.
  2734 | D:3      | Found a sacrificial altar of Ru.
  2844 | D:3      | Found an ancient bone altar of Kikubaaqudgha.
  2844 | D:3      | Noticed an ice beast
  2851 | D:3      | Killed an ice beast
  2852 | D:3      | Reached skill level 5 in Earth Magic
  2852 | D:3      | Gained mutation: You regenerate a little health from kills.
                  | [demonic ancestry]
  2852 | D:3      | Reached XP level 6. HP: 41/41 MP: 11/11
  3270 | D:4      | Identified the +0 ring mail "Kiomunio" {Stlth+}
  3763 | D:4      | Reached skill level 6 in Earth Magic
  3763 | D:4      | Reached XP level 7. HP: 46/46 MP: 13/13
  4232 | D:5      | Entered Level 5 of the Dungeon
  4268 | D:5      | Found a broken altar of Ashenzari.
  4331 | D:5      | Found a hide-covered altar of Uskayaw.
  4347 | D:5      | Became a worshipper of Uskayaw the Reveller
  4386 | D:5      | Reached * piety under Uskayaw
  4391 | D:5      | Reached ** piety under Uskayaw
  4397 | D:5      | Reached *** piety under Uskayaw
  4405 | D:5      | Reached **** piety under Uskayaw
  4629 | D:5      | Reached skill level 5 in Spellcasting
  4640 | D:5      | Reached skill level 7 in Earth Magic
  4713 | D:5      | Found a snail-covered altar of Cheibriados.
  4813 | D:5      | Found an iron altar of Okawaru.
  4999 | D:5      | Gained mutation: You have a pair of small antennae on your
                  | head. [demonic ancestry]
  4999 | D:5      | Reached XP level 8. HP: 52/52 MP: 15/15
  6052 | D:6      | Reached skill level 8 in Earth Magic
  6186 | D:6      | Reached skill level 1 in Fighting
  6237 | D:6      | Noticed Sigmund
  6240 | D:6      | Killed Sigmund
  6240 | D:6      | Reached ***** piety under Uskayaw
  6276 | D:6      | Noticed Duvessa
  6280 | D:6      | Noticed Dowan
  6296 | D:6      | Killed Duvessa
  6297 | D:6      | Killed Dowan
  6300 | D:6      | Reached XP level 9. HP: 17/62 MP: 5/18
  6535 | D:6      | Noticed Grinder
  6539 | D:6      | Killed Grinder
  6592 | D:6      | Found a shadowy altar of Dithmenos.
  6631 | D:6      | Found a staircase to the Ecumenical Temple.
  6682 | D:6      | Reached skill level 9 in Earth Magic
  6987 | D:6      | Found a hazy altar of Hepliaklqana.
  7031 | D:6      | Found a faded altar of an unknown god.
  7262 | D:$      | Got out of the dungeon alive.

Illustrated notes

Levels and vault maps discovered:
D:1:      dpeg_cavernosity, layout_basic, bh_walls_and_bars
D:2:      layout_basic, basic_altar, uniq_terence, uniq_robin
D:3:      layout_loops_ring, marbit_many_paths,
          gammafunk_temple_overflow_elements, elyvilon_altar_5,
          hellmonk_ecumenical_altar_prayer_group
D:4:      layout_loops_corners, lemuel_doored_altar, nicolae_wormholes
D:5:      minmay_goblin_kobold_castle, layout_loops_corners,
          mainiacjoe_overflow_small_starburst,
          mainiacjoe_overflow_six_doors_small, lemuel_tele_altar,
          mainiacjoe_overflow_catwalk
D:6:      layout_loops_ring, beargit_hepliaklqana_dungeon_heroes,
          mainiacjoe_overflow_surrounded_room, minmay_temple_entry_trees,
          uniq_duvessa, uniq_grinder, uniq_sigmund
D:7:      layout_loops_ring, general_overflow_altar, serial_shops, shop,
          enter_bailey_4

Skill      XL: |  1  2  3  4  5  6  7  8  9 |
---------------+----------------------------+-----
Earth Magic    | 3 4 5 6 7 8 9 |  9.1
Spellcasting   | 3 4 5 6 |  6.5
Dodging        | 3 |  3.5
Fighting       | 2 3 |  3.1
Stealth        | |  1.7
Transmutations | |  0.8

Action                     |  1- 3 |  4- 6 |  7- 9 || total
---------------------------+-------+-------+-------++-------
  Melee: Unarmed           |     5 |     2 |       ||     7
         Tailslap          |     1 |     1 |     2 ||     4
         Dagger            |       |       |     6 ||     6
   Cast: Sandblast         |    47 |   105 |   167 ||   319
         Stone Arrow       |       |       |     7 ||     7
    Use: Scroll            |       |       |    10 ||    10
         Potion            |       |       |     2 ||     2
   Stab: Sleeping          |     1 |       |       ||     1
         Paralysed         |       |       |     5 ||     5
 Armour: Robe              |     8 |    10 |    40 ||    58
  Dodge: Dodged            |    27 |    28 |    73 ||   128
